Map: Winter's Gate LE

Players

PappiJoe

  • Race: Protoss Protoss
  • Spawn Location: 5:00

Dolan - Winner!

  • Race: Terran Terran
  • Spawn Location: 11:00

VOD

Have the link to the VOD?

Description

Time

  • Played on: Sept. 6, 2019, 6:37 p.m.
  • Length: 10:09
Show
View Real Time Build Order
Export as new Build Order

PappiJoe Protoss 

Build Orders: Zealot Archon, Archon Drop, Dark Templar Rush 

Get SALT Encoding   

  12  0:10  Pylon  
  12  0:13  Probe  
  13  0:28  Probe  
  14  0:30  Gateway  
  14  0:36  Probe  
  14  0:42  Assimilator  
  15  0:46  Probe  
  16  0:55  Assimilator  
  16  0:58  Probe  
  17  1:11  Probe  
  18  1:20  Cybernetics Core  
  18  1:23  Probe  
  19  1:31  Probe  
  19  1:38  Pylon  
  19  1:39  Probe  
  21  1:50  Probe  
  21  1:52  Adept  
  22  1:58  Robotics Facility  
  24  2:03  Warp Gate  
  24  2:04  Probe  
  25  2:16  Probe, Stalker  
  26  2:36  Probe  
  27  2:47  Twilight Council  
  27  2:51  Immortal  
  30  3:03  Pylon  
  30  3:22  Warp Prism  
  32  3:34  Dark Shrine, Gateway  
  32  3:38  Probe  
  33  3:49  Gateway  
  33  3:55  Pylon  
  33  3:58  Observer  
  34  4:22  Nexus  
  34  4:41  Probe  
  35  4:55  Dark Templar x2  
  35  4:56  Dark Templar  
  40  5:08  Probe  
  40  5:14  Charge  
  41  5:19  Probe  
  42  5:27  Probe  
  42  5:31  Pylon  
  42  5:32  Probe  
  42  5:35  Probe  
  44  5:40  Probe  
  45  5:43  Probe, Dark Templar  
  45  5:47  Archon  
  45  5:48  Probe  
  45  5:49  Archon  
  49  5:53  Probe  
  49  5:56  Gateway x2  
  51  6:00  Probe  
  52  6:06  Gateway  
  52  6:08  Gateway  
  50  6:14  Gateway  
  50  6:24  Pylon  
  50  6:27  Pylon  
  50  6:29  Zealot x2  
  50  6:31  Zealot  
  56  6:41  Pylon  
  56  6:50  Zealot x2  
  56  6:53  Zealot  
  64  6:55  Zealot x2  
  64  7:00  Zealot  
  68  7:02  Zealot  
  70  7:20  Zealot x2  
  70  7:21  Zealot x5  
  84  7:26  Zealot  
  62  7:37  Zealot  
  62  7:41  Zealot x4  
  58  7:44  Zealot  
  58  7:49  Zealot  
  60  7:52  Zealot  
  60  7:58  Zealot  
  62  8:02  Zealot  
  62  8:04  Zealot x2  
  66  8:10  Zealot x2  
  58  8:15  Zealot  
  58  8:19  Dark Templar  
  52  8:28  Dark Templar  
  52  8:30  Dark Templar  
  56  8:41  Archon  
  56  8:42  Dark Templar  
  56  8:43  Zealot x3  
  56  8:46  Archon  
  56  8:47  Zealot  
  60  9:07  Zealot x3  
  60  9:08  Zealot x2  
  56  9:14  Zealot  
  56  9:15  Zealot  
  46  9:19  Zealot  
Show
View Real Time Build Order
Export as new Build Order

Dolan Terran - Winner!

Build Orders:  

Get SALT Encoding   

  12  0:00  SCV  
  13  0:13  SCV  
  14  0:18  Supply Depot  
  14  0:25  SCV  
  15  0:39  SCV  
  15  0:41  Barracks  
  16  0:46  Refinery  
  16  0:52  SCV  
  16  0:56  Refinery  
  17  1:04  SCV  
  18  1:16  SCV  
  19  1:28  Orbital Command, Reaper  
  19  1:32  Supply Depot  
  20  1:41  Engineering Bay  
  20  1:53  Factory  
  20  2:00  SCV  
  21  2:04  Reaper  
  22  2:14  SCV  
  23  2:36  SCV  
  23  2:39  Starport, Factory Tech Lab  
  23  2:48  SCV  
  24  2:53  Command Center  
  27  3:06  SCV  
  27  3:07  Cyclone  
  28  3:12  Supply Depot  
  28  3:22  Viking  
  31  3:27  SCV  
  31  3:33  Barracks  
  30  3:39  SCV  
  31  3:44  Siege Tank  
  34  3:51  SCV  
  34  3:54  Starport Tech Lab  
  35  4:03  SCV  
  35  4:05  Supply Depot  
  35  4:06  Orbital Command  
  36  4:15  SCV  
  37  4:18  Siege Tank  
  37  4:20  Raven  
  37  4:21  Marine  
  43  4:27  SCV  
  43  4:31  Barracks Reactor  
  44  4:32  SCV  
  45  4:39  SCV  
  45  4:40  Barracks  
  45  4:44  SCV  
  47  4:46  Barracks Tech Lab  
  47  4:51  SCV  
  48  4:56  SCV  
  49  5:04  SCV  
  49  5:06  Marine  
  51  5:07  Stimpack, Marine x2  
  53  5:16  Starport Reactor  
  53  5:28  SCV x2  
  55  5:29  Barracks Tech Lab, Marine x3  
  58  5:37  Orbital Command  
  58  5:40  SCV  
  60  5:48  Factory Reactor  
  60  5:49  Marine  
  61  5:50  Marauder, Combat Shield  
  61  5:54  Supply Depot  
  61  5:55  Marine  
  61  5:56  Marauder, Engineering Bay  
  65  6:01  SCV  
  65  6:03  Bunker  
  66  6:06  Supply Depot  
  66  6:07  Medivac  
  66  6:10  SCV  
  69  6:13  Refinery, SCV  
  69  6:14  Refinery  
  69  6:15  Medivac  
  72  6:22  SCV  
  73  6:27  Widow Mine, Supply Depot  
  73  6:28  Widow Mine  
  73  6:29  Supply Depot  
  73  6:32  Marine x2  
  77  6:38  Marauder  
  81  6:47  SCV x2  
  81  6:48  Concussive Shells  
  81  6:50  Widow Mine x2  
  87  6:55  Supply Depot  
  87  6:59  SCV x2  
  89  7:02  Medivac x2  
  89  7:06  Supply Depot  
  93  7:14  Supply Depot  
  93  7:15  Missile Turret  
  93  7:18  Widow Mine x2  
  88  7:36  Marauder, Marine x2, SCV x2  
  88  7:37  Marauder  
  73  7:48  SCV x2  
  59  8:18  Marauder, Marine x2  
  59  8:19  Marauder  
  61  8:20  SCV x2  
  61  8:23  Widow Mine x2, Medivac x2  
  71  8:32  SCV  
  72  8:34  Barracks  
  72  8:36  Marine  
  73  8:44  Widow Mine x2  
  77  8:48  Bunker  
  77  8:51  SCV  
  77  8:52  SCV  
Tags
 
Add a new tag
Caveats
  • Supply blocks, unpowered buildings, or Contaminate may cause inaccurate times.
  • Supply counts are checked every 10 seconds.